Unix NetHack Version 3.7.0-66 Work-in-progress - last build Nov 25 2022 02:21:47 (a67c8fbd212c6e9cfe3af09653023564b5ba1bad,branch:master). Game began 2022-12-04 15:30:31, ended 2022-12-04 16:35:13. nurdglaw, lawful female human Knight --------- |.......| #.....^..| #####-----.-|- # ## ----------- # # |.........| # ## |.........| ## # |.........| # # |.........| # # #.>........| -------- ## # #----------- |.......|# # # |......$ru # ### ........| ------.- # |....... |......| ## -------- ........## |......| |......| -------- Nurdglaw the Esquire St:17 Dx:9 Co:12 In:7 Wi:16 Ch:17 Lawful S:1710 Dlvl:8 $:410 HP:0(39) Pw:46(46) AC:3 Xp:5/220 T:3133 Ride Latest messages: The iron piercer bites! You miss the iron piercer. You miss the iron piercer. You miss the iron piercer. You miss the iron piercer. You miss the iron piercer. You miss the iron piercer. You miss the iron piercer. You hit the iron piercer! You miss the iron piercer. The iron piercer bites! You hit the iron piercer! The door opens. You miss the rabid rat. You hit the rabid rat! The rabid rat bites! What do you want to write with? [- abj-loqsBF or ?*] - You write in the dust with your fingertip. What do you want to write in the dust here? Elbereth The rabid rat bites the saddled horse. The saddled horse misses the rabid rat. The saddled horse misses the rabid rat. Something is written here in the dust. You read: "Elbe?et?". You see no objects here. What do you want to write with? [- abj-loqsBF or ?*] - Do you want to add to the current engraving? [ynq] (y) n You wipe out the message that was written in the dust here. You write in the dust with your fingertip. What do you want to write in the dust here? Elbereth The rabid rat misses the saddled horse. The saddled horse misses the rabid rat. The saddled horse bites the rabid rat. Something is written here in the dust. You read: "Elbcreth". You see no objects here. What do you want to write with? [- abj-loqsBF or ?*] - Do you want to add to the current engraving? [ynq] (y) n You wipe out the message that was written in the dust here. You write in the dust with your fingertip. What do you want to write in the dust here? Elbereth The rabid rat bites! You miss the rabid rat. The rabid rat bites! You miss the rabid rat. The rabid rat bites! You miss the rabid rat. The rabid rat bites! You die... Do you want your possessions identified? [ynq] (y) q Inventory: Coins $ - 410 gold pieces Weapons k - 55 +0 darts (at the ready) s - a corroded +0 dart a - a +1 long sword (weapon in hand) b - a +1 lance named tlpthy (alternate weapon; not wielded) Armor d - an uncursed +0 helmet (being worn) f - an uncursed +0 pair of leather gloves (being worn) e - an uncursed +0 small shield (being worn) y - an uncursed +0 Uruk-hai shield i - a cursed +0 alchemy smock with text "If we weren't meant to eat animals, why are they made out of meat?" named prolly cursed c - an uncursed +1 ring mail named prayed on turn 1739 (being worn) Comestibles g - 12 uncursed apples h - 10 uncursed carrots u - an uncursed tripe ration Scrolls w - an uncursed scroll of destroy armor Potions D - an uncursed potion of gain energy m - a blessed potion of monster detection E - an uncursed potion of object detection t - an uncursed potion of paralysis Wands o - a wand of digging (0:6) j - a wand of light (0:12) Gems/Stones B - an uncursed amber stone F - an uncursed worthless piece of black glass l - 2 cursed worthless pieces of orange glass q - an uncursed worthless piece of yellowish brown glass Nurdglaw the Knight's attributes: Background: You were an Esquire, a level 5 female human Knight. You were lawful, on a mission for Lugh who was opposed by Brigit (neutral) and Manannan Mac Lir (chaotic). You were in the Dungeons of Doom, on level 8. You entered the dungeon 3133 turns ago. You had 220 experience points, 100 more were needed to attain level 6. Your score was 1710 before end-of-game adjustments. Basics: You had 0 out of 39 hit points. You had all 46 energy points (spell power). Your armor class was 3. Your wallet contained 410 zorkmids. Autopickup was on for '$' plus thrown. Final Characteristics: Your strength was 17 (limit:18/100). Your dexterity was 9 (limit:18). Your constitution was 12 (limit:18). Your intelligence was 7 (limit:18). Your wisdom was 16 (limit:18). Your charisma was 17 (limit:18). Final Status: You were riding your horse. You were not hungry. You were unencumbered. You were wielding a long sword. You had basic skill with long sword. Final Attributes: You were piously aligned. You were telepathic. You could jump. You were warded. You are dead. Miscellaneous: You encountered 1 bones level. Total elapsed playing time was 1 hour, 4 minutes and 42 seconds. Major events: Turn 1: nurdglaw the lawful female human Knight entered the dungeon 1443: attained the rank of Esquire (level 3) 1496: entered the Gnomish Mines 3133: killed by a rabid rat Vanquished creatures: a leprechaun a wood nymph a rock piercer 2 shriekers a violet fungus a gnome leader a gray ooze an elf zombie a giant ant a floating eye a homunculus 2 rothes an orc zombie a dwarf zombie a werejackal an iguana 2 acid blobs a gas spore a hobbit 4 manes a hobgoblin a brown mold a gecko 9 jackals 2 foxes 2 kobolds a goblin 2 sewer rats a grid bug 6 lichens 5 newts 57 creatures vanquished. No species were genocided or became extinct. Voluntary challenges: You read items or engraved 6 times. You engraved Elbereth 6 times. You never genocided any monsters. You never polymorphed an object. You never changed form. You used no wishes. Achievements: You attained the rank of Esquire. You entered the Gnomish Mines. You entered a shop. The Dungeons of Doom: levels 1 to 9 Level 1: Level 2: A fountain. Level 3: "vault" Stairs down to The Gnomish Mines. Level 4: "vault" A fountain. Level 5: A general store, an altar, some fountains. Level 6: "chest" Level 7: Final resting place for lurchy-Wiz-Elf-Mal-Cha, killed by a giant ant, while fainted from lack of food. Level 8: <- You were here. Final resting place for you, killed by a rabid rat. Level 9: The Gnomish Mines: Level 4: Game over: ---------- / \ / REST \ / IN \ / PEACE \ / \ | nurdglaw | | 410 Au | | killed by a | | rabid rat | | | | | | 2022 | *| * * * | * _________)/\\_//(\/(/\)/\//\/|_)_______ Fare thee well nurdglaw the Knight... You died in The Dungeons of Doom on dungeon level 8 with 1669 points, and 410 pieces of gold, after 3133 moves. You were level 5 with a maximum of 39 hit points when you died.